 Dungeon Crawl Stone Soup version 0.30-a0-439-g9e77e4d916 (webtiles) character file.

Game seed: 874444764620545088

3 McMuffin the Trooper (level 1, 0/18 HPs)
             Began as a Demonspawn Wanderer on Dec 11, 2022.
             Slain by a jackal (3 damage)
             ... on level 1 of the Dungeon.
             The game lasted 00:00:25 (39 turns).

McMuffin the Trooper (Demonspawn Wanderer)            Turns: 39, Time: 00:00:26

Health: 0/18       AC:  3    Str: 13    XL:     1   Next: 41%
Magic:  3/3        EV: 11    Int: 12    God:
Gold:   0          SH:  0    Dex: 12    Spells: 3/4 levels left

rFire   . . .      SeeInvis .    a - +0 club
rCold   . . .      Faith    .    (no shield)
rNeg    . . .      Spirit   .    d - +0 leather armour
rPois   .          Reflect  .    (no helmet)
rElec   .          Harm     .    (no cloak)
rCorr   .          Rampage  .    (no gloves)
Will    .....                    (no boots)
Stlth   +.........               (no amulet)
HPRegen 0.23/turn                (no ring)
MPRegen 0.08/turn                (no ring)

@: no status effects
A: no striking features
a: no special abilities


You were on level 1 of the Dungeon.
You visited 1 branch of the dungeon, and saw 1 of its levels.

Inventory:

Hand Weapons
 a - a +0 club (weapon)
Armour
 d - a +0 leather armour (worn)
Scrolls
 b - a scroll of vulnerability
 e - a scroll of teleportation
Potions
 c - a potion of heal wounds


   Skills:
 + Level 3.0 Fighting
 + Level 1.1 Dodging
 + Level 1.0 Unarmed Combat
 + Level 2.1 Spellcasting
 + Level 2.0 Summonings
 + Level 1.0 Evocations


You had 3 spell levels left.
You knew the following spells:

 Your Spells              Type           Power      Damage    Failure   Level
a - Summon Small Mammal   Summ           24%        N/A       16%         1

Your spell library contained the following spells:

 Spells                   Type           Power      Damage    Failure   Level
 Call Canine Familiar     Summ           6%         N/A       41%         3
 Animate Armour           Summ/Erth      6%         N/A       92%         4


Dungeon Overview and Level Annotations

Branches:
Dungeon (1/15)

Altars:


Message History

The jackal bites you. The kobold misses you. The jackal bites you.
There is an open door here.
You see here a jackal corpse.
You hit the kobold but do no damage.
The jackal bites you but does no damage.
The kobold hits you but does no damage. The jackal barely misses you.
You completely miss the kobold. The jackal barely misses you.
The kobold barely misses you. The jackal barely misses you.
The kobold misses you.
You closely miss the kobold. The jackal closely misses you.
The kobold closely misses you.
You hit the kobold but do no damage. The jackal bites you.
The jackal bites you but does no damage.
The kobold barely misses you.
You hit the kobold but do no damage. The jackal completely misses you.
The kobold hits you with a +0 club. The jackal bites you.
You hit the kobold.
You kill the kobold!
The jackal misses you.
The jackal bites you but does no damage. x2
You barely miss the jackal. The jackal barely misses you. x2
The jackal closely misses you.
You hit the jackal but do no damage.
The jackal bites you but does no damage.
The jackal closely misses you. The jackal misses you.
You miss the jackal.
The jackal bites you. x2; The jackal misses you.
The jackal barely misses you.
You hit the jackal but do no damage. The jackal barely misses you.
The jackal closely misses you.
The jackal bites you but does no damage.
The jackal barely misses you.
You hit the jackal but do no damage. The jackal barely misses you. x2
The jackal bites you.
* * * LOW HITPOINT WARNING * * *
The jackal bites you.
* * * LOW HITPOINT WARNING * * *
You hit the jackal but do no damage. The jackal closely misses you.
The jackal barely misses you. The jackal bites you.
You die...

..........
#....#....
#.........
+(....#
#.....#
#....##
#.(..#
##h###
#####@#
#...h.#
#.....#
#.<##.#
#.....#
#.....#
#######


You could see 2 jackals.

Vanquished Creatures
  A hobgoblin (D:1)
  A jackal (D:1)
  A kobold (D:1)
3 creatures vanquished.

Notes
Turn   | Place    | Note
-------+----------+-------------------------------------------
     0 | D:1      | McMuffin the Demonspawn Wanderer began the quest for the
                  | Orb.
     0 | D:1      | McMuffin set off with the following items: a +0 club, a
                  | scroll of vulnerability, a potion of heal wounds, a +0
                  | leather armour, a scroll of teleportation; and the
                  | following spell memorised: Summon Small Mammal; and the
                  | following spells available to memorise: Call Canine
                  | Familiar, Animate Armour.
     0 | D:1      | Reached XP level 1. HP: 18/18 MP: 3/3
    39 | D:1      | Slain by a jackal

Illustrated notes

Levels and vault maps discovered:
D:1:      dpeg_arrival_rooms_b, layout_basic, chequers_serial_rivers_small_a,
          minivault_19, minmay_octomino_e4

Action                   || total
-------------------------++-------
Melee: Club              ||    20
Armor: Leather armour    ||    12
Dodge: Dodged            ||    37

Table legend: (Time is in decaauts)
 A = Elapsed time spent in this place.
 B = Non-inter-level travel time spent in this place.
 C = Inter-level travel time spent in this place.
 D = Time resting spent in this place.
 E = Time spent auto-exploring this place.
 F = Levels seen in this place.
 G = Mean time per level.
                   A        B        C        D        E       F      G
               +--------+--------+--------+--------+--------+-----+--------+
         Total |     44 |     44 |      0 |      0 |      0 |   1 |   44.0 |
       Dungeon |     44 |     44 |      0 |      0 |      0 |   1 |   44.0 |
               +--------+--------+--------+--------+--------+-----+--------+

Top non-repeatable levels by time:
     D:1: 44 daAuts
